 Dungeon Crawl Stone Soup version 0.24-a0-275-g6f7e2cb (webtiles) character file.

Game seed: 10595645471516975250

7897 Lanoc the Cleaver (level 11, -11/84 HPs)
             Began as a Formicid Fighter on Apr 27, 2019.
             Was the Champion of Uskayaw.
             Mangled by a two-headed ogre
             ... wielding a +0 giant club
              (13 damage)
             ... on level 10 of the Dungeon.
             The game lasted 00:17:14 (8598 turns).

Lanoc the Cleaver (Formicid Fighter)                Turns: 8598, Time: 00:17:15

Health: -11/84     AC:  8    Str: 21    XL:     11   Next: 45%
Magic:  17/17      EV: 12    Int:  8    God:    Uskayaw [******]
Gold:   384        SH: 12    Dex: 13    Spells: 10/10 levels left

rFire    + . .     SeeInvis +   a - +0 war axe (drain)
rCold    . . .     Gourm    .   c - +1 shield
rNeg     . . .     Faith    +   b - +0 scale mail
rPois    +         Spirit   .   (helmet unavailable)
rElec    .         Reflect  .   (no cloak)
rCorr    .         Harm     .   (no gloves)
MR       +....                  (no boots)
Stlth    ..........             o - amulet of faith
HPRegen  0.24/turn              n - ring of protection from fire
MPRegen  0.15/turn              t - ring of poison resistance

@: no status effects
A: permanent stasis, dig shafts and tunnels, four strong arms, antennae 3
a: Dig, Shaft Self, Stomp, Line Pass, Grand Finale, Renounce Religion


You were on level 10 of the Dungeon.
You worshipped Uskayaw.
Uskayaw was aware of your devotion.
You were hungry.

You visited 2 branches of the dungeon, and saw 11 of its levels.

You collected 611 gold pieces.
You spent 227 gold pieces at shops.

Inventory:

Hand Weapons
 a - a +0 war axe of draining (weapon)
 e - a +0 scimitar of flaming
Armour
 b - a +0 scale mail (worn)
 c - a +1 shield (worn)
Jewellery
 n - a ring of protection from fire (left hand)
 o - an amulet of faith (around neck)
 r - an uncursed ring of resist corrosion
 t - a ring of poison resistance (right hand)
 v - the amulet of Patience {Acrobat rPois}
   (You bought it in a shop on level 6 of the Dungeon)

   [amulet of the acrobat]

   It helps you evade while moving and waiting.
   It protects you from poison.
Wands
 h - a wand of flame (48)
 i - a wand of disintegration (7)
 u - a wand of polymorph (12)
 A - a wand of enslavement (9)
 C - a wand of random effects (10)
Scrolls
 k - 2 scrolls of magic mapping
 m - a scroll of fog
 p - 3 scrolls of fear
 q - 3 scrolls of remove curse
 y - a scroll of holy word
 z - a scroll of enchant weapon
 B - a scroll of identify
Potions
 d - a potion of might
 g - 2 potions of brilliance
 l - a potion of cancellation
 s - a potion of flight
 x - a potion of mutation
Comestibles
 f - 17 rations


   Skills:
 + Level 7.6 Fighting
 * Level 9.2 Axes
 + Level 7.7 Armour
 + Level 5.6 Dodging
 + Level 8.3 Shields
 * Level 8.7 Invocations


You had 10 spell levels left.
You didn't know any spells.
Your spell library contained the following spells:

 Spells                   Type           Power        Failure   Level  Hunger
 Animate Skeleton         Necr           N/A          77%         1    ##.....
 Apportation              Tloc           #.....       77%         1    ##.....
 Confusing Touch          Hex            #.....       77%         1    ##.....
 Summon Small Mammal      Summ           #...         77%         1    ##.....


Dungeon Overview and Level Annotations

Branches:
Dungeon (10/15)            Temple (1/1) D:6            Lair (0/6) D:9
    Orc: D:9-12

Altars:
Ashenzari
Dithmenos
Elyvilon
Gozag
Hepliaklqana
Kikubaaqudgha
Okawaru
Qazlal
Ru
Uskayaw
Vehumet
Wu Jian
Xom
Yredelemnul

Shops:
D:5 (   D:6 [*(   D:9 [

Annotations:
D:7 2 transporters, no0bjke's ghost, novice GrFi


Innate Abilities, Weirdness & Mutations

You cannot be hasted, slowed, berserked, paralysed or teleported.
You can dig through walls and to a lower floor.
Your four strong arms can wield two-handed weapons with a shield.
You have a pair of large antennae on your head. (SInv)


Message History

The two-headed ogre closely misses you.
The two-headed ogre hits you with a +0 giant club!
* * * LOW HITPOINT WARNING * * *
You slash the two-headed ogre!
The two-headed ogre is severely wounded.
The two-headed ogre hits you with a +0 giant club!
* * * LOW HITPOINT WARNING * * *
The two-headed ogre closely misses you.
You feel much better.
You hit the two-headed ogre. You drain the two-headed ogre.
The two-headed ogre is almost dead.
The two-headed ogre hits you with a +0 giant club!!
* * * LOW HITPOINT WARNING * * *
The two-headed ogre barely misses you.
You slash the two-headed ogre!
You kill the two-headed ogre!
You closely miss the two-headed ogre.
The two-headed ogre is almost dead.
The two-headed ogre hits you with a +0 giant club!
You die...

#.......#...# #..<..#
#........... #.....#
..........# #.....#
..........# #......
..........# #.....
..........#### ##.....
#............# .......
####.....O##.## ..(....
#######@...# .......
#....# ...)...
#####....# ....#.#
#........# ####...
#........# #...
#........# #...
#....##.###########...
#...†##..............#
###....#################


You could see a two-headed ogre.

Vanquished Creatures
  Harold (D:7)
  2 two-headed ogres
  Erica (D:8)
  A hornet (D:10)
  6 hippogriffs
  5 yaks (D:9)
  A water moccasin (D:8)
  5 orc warriors
  A black bear (D:9)
  2 sky beasts (D:9)
  An ice beast (D:7)
  2 phantoms
  2 centaurs
  3 ogres
  2 bullfrogs
  A scorpion (D:8)
  4 killer bees (D:10)
  4 howler monkeys
  3 crimson imps
  A bullfrog zombie (D:9)
  A quasit (D:7)
  3 hounds
  2 jellies
  8 orc priests
  A centaur skeleton (D:4)
  A bullfrog skeleton (D:7)
  6 orc wizards
  3 iguanas
  5 worker ants
  A hound skeleton (D:4)
  A howler monkey zombie (D:6)
  10 gnolls
  9 adders
  A shadow imp (D:8)
  An ooze (D:4)
  An adder skeleton (D:7)
  2 worms (D:4)
  3 leopard geckos
  41 orcs
  3 giant cockroaches
  5 goblins
  2 hobgoblins (D:3)
  4 jackals (D:2)
  3 quokkas
  2 ball pythons
  A bat (D:3)
  2 frilled lizards
  A kobold (D:3)
  A leopard gecko skeleton (D:6)
  A leopard gecko zombie (D:7)
  4 quokka skeletons
  2 rats (D:3)
179 creatures vanquished.

Notes
Turn   | Place    | Note
-------+----------+-------------------------------------------
     0 | D:1      | Lanoc the Formicid Fighter began the quest for the Orb.
     0 | D:1      | Reached XP level 1. HP: 18/18 MP: 1/1
    41 | D:2      | Found a shadowy altar of Dithmenos.
    41 | D:2      | Found a shimmering altar of Xom.
    42 | D:2      | Found an ornate altar of the Wu Jian Council.
   115 | D:2      | Reached XP level 2. HP: 14/24 MP: 2/2
   117 | D:2      | Reached XP level 3. HP: 12/29 MP: 3/3
   412 | D:2      | Reached XP level 4. HP: 30/36 MP: 4/4
   486 | D:2      | Reached skill level 1 in Dodging
   890 | D:3      | Reached skill level 3 in Axes
  1463 | D:4      | Reached XP level 5. HP: 41/42 MP: 5/5
  1610 | D:4      | Reached XP level 6. HP: 45/48 MP: 6/6
  1708 | D:4      | Reached skill level 4 in Axes
  2484 | D:5      | Entered Level 5 of the Dungeon
  2784 | D:4      | Reached XP level 7. HP: 38/55 MP: 7/7
  2908 | D:5      | Reached skill level 5 in Shields
  3182 | D:5      | Reached skill level 5 in Axes
  3462 | D:5      | Found Gottikhe's Weapon Shoppe.
  3553 | D:6      | Found Yngaiseo's Armour Boutique.
  3562 | D:6      | Reached XP level 8. HP: 37/61 MP: 8/8
  3628 | D:6      | Found Beops's Weapon Boutique.
  3681 | D:6      | Found Zoph's Assorted Antiques.
  3699 | D:6      | Bought a scroll labeled NAIME CEL GIBE for 23 gold pieces
  3699 | D:6      | Bought a scroll labeled YTILUNLI KECISU for 23 gold pieces
  3699 | D:6      | Bought a scroll labeled ROHIYZ VAXTI for 23 gold pieces
  3699 | D:6      | Bought a heavily runed ruby amulet for 115 gold pieces
  3699 | D:6      | Bought a coppery potion for 20 gold pieces
  3699 | D:6      | Bought a scroll labeled EPENOUWNAV for 23 gold pieces
  3764 | D:6      | Identified the amulet of Patience {Acrobat rPois} (You
                  | bought it in a shop on level 6 of the Dungeon)
  3785 | D:6      | Found a staircase to the Ecumenical Temple.
  3788 | D:6      | Reached skill level 5 in Armour
  3838 | D:5      | Reached skill level 5 in Fighting
  4188 | Temple   | Entered the Ecumenical Temple
  4233 | Temple   | Became a worshipper of Uskayaw the Reveler
  4292 | D:6      | Found a radiant altar of Vehumet.
  4327 | D:6      | Reached * piety under Uskayaw
  4352 | D:6      | Found a white marble altar of Elyvilon.
  4403 | D:6      | Reached skill level 1 in Invocations
  4403 | D:6      | Reached ** piety under Uskayaw
  4406 | D:6      | Reached *** piety under Uskayaw
  4407 | D:6      | Reached **** piety under Uskayaw
  4710 | D:7      | Reached skill level 6 in Axes
  4735 | D:7      | Reached XP level 9. HP: 31/68 MP: 11/11
  4945 | D:7      | Noticed Harold
  4958 | D:7      | Noticed a hippogriff
  4959 | D:7      | Noticed a hippogriff
  4961 | D:7      | Killed Harold
  4968 | D:7      | Killed a hippogriff
  4968 | D:7      | Killed a hippogriff
  4968 | D:7      | Reached skill level 7 in Axes
  4968 | D:7      | Reached skill level 5 in Invocations
  4968 | D:7      | Reached ***** piety under Uskayaw
  5284 | D:7      | Found a transporter.
  5284 | D:7      | Noticed no0bjke's ghost (novice GrFi)
  5328 | D:7      | Found a transporter.
  5713 | D:7      | Reached XP level 10. HP: 48/76 MP: 14/14
  6279 | D:8      | Noticed Erica
  6307 | D:8      | Killed Erica
  7013 | D:9      | Reached skill level 8 in Axes
  7020 | D:9      | Found a hazy altar of Hepliaklqana.
  7576 | D:9      | Noticed a two-headed ogre
  7586 | D:9      | Killed a two-headed ogre
  7586 | D:9      | Reached skill level 5 in Dodging
  7596 | D:9      | Reached XP level 11. HP: 42/84 MP: 16/16
  7821 | D:9      | Found a staircase to the Lair.
  7886 | D:9      | Reached ****** piety under Uskayaw
  7952 | D:9      | Reached skill level 9 in Axes
  8061 | D:9      | Found Biovuthe's Armour Boutique.
  8243 | D:10     | Entered Level 10 of the Dungeon
  8568 | D:10     | Noticed a two-headed ogre
  8570 | D:10     | Noticed a two-headed ogre
  8594 | D:10     | HP: 3/84 [two-headed ogre/+0 giant club (15)]
  8596 | D:10     | HP: 1/84 [two-headed ogre/+0 giant club (19)]
  8597 | D:10     | Killed a two-headed ogre
  8598 | D:10     | Mangled by a two-headed ogre

Levels and vault maps discovered:
D:1:      eino_arrival_water_star, layout_rooms, grunt_decor_cap,
          hangedman_decor_lopped
D:2:      layout_loops_ring, gammafunk_temple_overflow_claw
D:3:      layout_loops_ring
D:4:      layout_loops_ring
D:5:      layout_rooms, first_ration, serial_shops, kennysheep_mini_moat,
          nrook_uturn
D:6:      layout_gridville, elyvilon_altar_4, fiery_altar_vehumet, temple_green,
          serial_shops, shop, shop, shop, kennysheep_potato
D:7:      layout_loops_ring, gammafunk_ghost_arena, serial_glass,
          glass_columns_c, glass_columns_a, uniq_harold
D:8:      layout_basic, serial_glass, glass_columns_c, glass_columns_b,
          glass_columns_b, glass_columns_a, uniq_erica
D:9:      layout_stronghold, nicolae_overflow_crystal_walls, dpeg_oklobed_lair,
          serial_shops, shop_statue, serial_glass, glass_columns_a,
          glass_columns_b, due_unseen_surprise, minmay_strange_pillars
D:10:     layout_basic, erik_orc_4, hangedman_little_slice_of_home,
          chequers_serial_rivers_small_3
Temple:   regret_index_temple_sphere_string

Skill      XL: |  1  2  3  4  5  6  7  8  9 10 11 |
---------------+----------------------------------+-----
Shields        | 4 5 6 7 8 |  8.3
Dodging        | 1 2 3 4 5 |  5.6
Axes           | 3 4 5 6 7 8 9 |  9.2
Armour         | 4 5 6 7 |  7.7
Fighting       | 4 5 6 7 |  7.6
Invocations    | 3 5 7 8 |  8.7

Action                   |  1- 3 |  4- 6 |  7- 9 | 10-12 || total
-------------------------+-------+-------+-------+-------++-------
Melee: War axe           |    32 |   162 |   238 |   259 ||   691
 Abil: Dig               |       |       |       |     2 ||     2
  Use: Scroll            |       |       |    13 |     3 ||    16
       Potion            |       |       |     7 |     4 ||    11
 Stab: Paralysed         |       |       |    10 |    22 ||    32
  Eat: Chunk             |       |     6 |    10 |     9 ||    25
Armor: Scale mail        |    14 |    63 |    51 |    62 ||   190
Dodge: Dodged            |    21 |    61 |    95 |   129 ||   306
Block: Shield            |    22 |   107 |   130 |   145 ||   404

Table legend:
 A = Non-vault XP
 B = Vault XP
 C = Vault XP percentage of total XP
 D = Non-vault monster count
 E = Vault monster count
 F = Vault count percentage of total count
                 A         B        C        D         E       F
            +---------+---------+-------+---------+---------+-------
      Total |    8848 |    2434 |  21.6 |     166 |      13 |   7.3
            +---------+---------+-------+---------+---------+-------
        D:1 |       4 |       0 |   0.0 |       2 |       0 |   0.0
        D:2 |      84 |       0 |   0.0 |      13 |       0 |   0.0
        D:3 |      45 |       0 |   0.0 |      15 |       0 |   0.0
        D:4 |     410 |       0 |   0.0 |      25 |       0 |   0.0
        D:5 |     539 |       0 |   0.0 |      14 |       0 |   0.0
        D:6 |     256 |     268 |  51.1 |      16 |       4 |  20.0
        D:7 |    1464 |    1018 |  41.0 |      31 |       1 |   3.1
        D:8 |     482 |     912 |  65.4 |       6 |       1 |  14.3
        D:9 |    3973 |       0 |   0.0 |      33 |       0 |   0.0
       D:10 |    1591 |     236 |  12.9 |      11 |       7 |  38.9
            +---------+---------+-------+---------+---------+-------
